 Dungeon Crawl Stone Soup version 0.26-b1-32-g5d43845318 (webtiles) character file.

Game seed: 15543112390498913313

140 Borgoz the Ducker (level 5, -1/45 HPs)
             Began as a Ghoul Gladiator on Jan 13, 2021.
             Slain by Crazy Yiuf
             ... wielding a +4 quarterstaff of chaos
              (4 damage)
             ... on level 2 of the Dungeon.
             The game lasted 00:01:45 (2213 turns).

Borgoz the Ducker (Ghoul Gladiator)                 Turns: 2213, Time: 00:01:45

Health: -1/45      AC:  4    Str: 19    XL:     5   Next: 22%
Magic:  4/4        EV: 12    Int:  3    God:
Gold:   66         SH:  0    Dex: 10    Spells: 4/4 levels left

rFire    . . .     SeeInvis .   a - +1 flail
rCold    + . .     Faith    .   (no shield)
rNeg     + + +     Spirit   .   b - +0 leather armour
rPois    ∞         Reflect  .   c - +0 helmet
rElec    .         Harm     .   (no cloak)
rCorr    .         Rampage  .   (no gloves)
Will     .....                  (no boots)
Stlth    ..........             (no amulet)
HPRegen  0.00/turn              h - ring of attention (curse)
MPRegen  0.09/turn              (no ring)

@: no status effects
A: claws 1, cold resistance 1, negative energy resistance 3, inhibited
regeneration, torment resistance, unbreathing
a: no special abilities


You were on level 2 of the Dungeon.
You visited 1 branch of the dungeon, and saw 2 of its levels.

You collected 66 gold pieces.

Inventory:

Hand Weapons
 a - a +1 flail (weapon)
Missiles
 d - 3 throwing nets (quivered)
Armour
 b - a +0 leather armour (worn)
 c - a +0 helmet (worn)
 j - a +0 scale mail
Jewellery
 h - a cursed ring of attention (left claw)
 i - an uncursed ring of magical power {unknown}
Scrolls
 g - a scroll of enchant armour {unknown}
 k - a scroll of immolation {unknown}
Potions
 e - 3 potions of brilliance
 f - a potion of curing {unknown}


   Skills:
 * Level 3.3 Fighting
 * Level 3.5 Maces & Flails
 - Level 1.7 Throwing
 * Level 1.9 Armour
 * Level 3.5 Dodging


You had 4 spell levels left.
You didn't know any spells.
Your spell library was empty.

Dungeon Overview and Level Annotations

Branches:
Dungeon (2/15)

Altars:

Annotations:
D:2 Crazy Yiuf


Innate Abilities, Weirdness & Mutations

You thrive by killing the living.
You are immune to poison.
You have sharp fingernails.
Your flesh is cold resistant. (rC+)
You are immune to negative energy. (rN+++)
You do not regenerate when monsters are visible.
You are immune to unholy pain and torment.
You can survive without breathing.


Message History

Could not explore, unopened runed door.
Could not explore, unopened runed door.
Could not explore, unopened runed door.
No reachable target in view!
No reachable target in view!
You open the door. You completely miss Crazy Yiuf.
Crazy Yiuf screams, "Cod!"
Crazy Yiuf hits you with a +4 quarterstaff of chaos!
Crazy Yiuf freezes you.
You barely miss Crazy Yiuf.
Crazy Yiuf hits you with a +4 quarterstaff of chaos!
Crazy Yiuf freezes you.
You closely miss Crazy Yiuf.
Crazy Yiuf whimpers, "Seed!
Flower sow pontify."
Crazy Yiuf hits you with a +4 quarterstaff of chaos!
* * * LOW HITPOINT WARNING * * *
Crazy Yiuf sings, "Trees, trees, trees, circus!"
Crazy Yiuf hits you with a +4 quarterstaff of chaos.
You die...

...#
#.....###....####..(.......#
...# #.....# #....#
#..........# ...###.....#
♣P..P♣ #..........#
...........# ♣.P.♣♣
########...# ........##.#
♣♣.♣♣ ###### ###..
......÷)##.# ♣.♣♣ #....# #..
........#### ♣♣.♣
#....#####.. ..........#
♣.♣♣ #...........
..........# ♣♣@♣
#........... ..........# #g#
#........... ###.......# ...
#..........# #......## #...#
############ #....).# #..)#
#....... #......# #####
#####....... #......#
#........... #......#
##########.......####
#......#
#....................


You could see Crazy Yiuf.

Vanquished Creatures
  Terence (D:2)
  Natasha (D:2)
  2 adders (D:2)
  3 worms (D:2)
  2 dart slugs
  4 leopard geckos
  3 giant cockroaches
  6 goblins
  7 hobgoblins
  4 jackals (D:1)
  A quokka (D:2)
  7 bats
  3 frilled lizards
  A kobold (D:1)
  10 rats
55 creatures vanquished.

Notes
Turn   | Place    | Note
-------+----------+-------------------------------------------
     0 | D:1      | Borgoz the Ghoul Gladiator began the quest for the Orb.
     0 | D:1      | Reached XP level 1. HP: 17/17 MP: 0/0
   277 | D:1      | Reached XP level 2. HP: 23/25 MP: 1/1
   559 | D:1      | Reached XP level 3. HP: 30/30 MP: 2/2
   570 | D:1      | Reached skill level 1 in Armour
  1369 | D:2      | Reached XP level 4. HP: 27/37 MP: 3/3
  1762 | D:2      | Noticed Terence
  1775 | D:2      | Killed Terence
  1944 | D:2      | Noticed Natasha
  1952 | D:2      | Killed Natasha
  1953 | D:2      | Reached XP level 5. HP: 36/45 MP: 4/4
  2064 | D:2      | Found a runed translucent door.
  2065 | D:2      | Noticed Crazy Yiuf
  2213 | D:2      | Slain by Crazy Yiuf

Illustrated notes

Levels and vault maps discovered:
D:1:      dpeg_arrival_lava_temple_mockup, layout_rooms, minmay_misc_feat_x
D:2:      layout_basic, uniq_crazy_yiuf_cottage, uniq_natasha, uniq_terence

Skill      XL: |  1  2  3  4 |
---------------+-------------+-----
Dodging        | 3 |  3.5
Maces & Flails | 3 |  3.5
Armour         | 1 |  1.9
Fighting       | 3 |  3.3
Throwing       | |  1.7

Action                   |  1- 3 |  4- 6 || total
-------------------------+-------+-------++-------
Melee: Flail             |   141 |    55 ||   196
Throw: Throwing net      |       |     1 ||     1
  Use: Scroll            |     4 |       ||     4
Armor: Leather armour    |    57 |    13 ||    70
Dodge: Dodged            |   118 |    36 ||   154
